 Dungeon Crawl Stone Soup version 0.21-a0-221-gfe971b9 (webtiles) character file.

870 Blomdor the Chopper (level 8, 0/61 HPs)
             Began as a Barachi Hunter on Aug 24, 2017.
             Was an Initiate of Okawaru.
             Succumbed to Duvessa's poison
             ... on level 4 of the Dungeon.
             The game lasted 00:07:50 (3772 turns).

Blomdor the Chopper (Barachi Hunter)                Turns: 3772, Time: 00:07:51

Health: 0/61       AC: 13    Str: 14 (15) XL:     8   Next: 3%
Magic:  8/8        EV:  7    Int: 15 (18) God:    Okawaru [......]
Gold:   189        SH:  0    Dex: 12 (13) Spells: 7/7 levels left

rFire    . . .     SeeInvis .   m - +0 hand axe
rCold    . . .     Gourm    .   (no shield)
rNeg     . . .     Faith    .   z - +0 chain mail
rPois    .         Spirit   .   o - +2 helmet {Int+3}
rElec    .         Reflect  .   (no cloak)
rCorr    .         Harm     .   i - +0 pair of gloves
MR       .....                  (no boots)
Stlth    ..........             (no amulet)
HPRegen  0.20/turn              e - +3 ring of intelligence
MPRegen  0.11/turn              (no ring)

@: lethally poisoned (0 -> -22), slow
A: +LOS, swims, slowness 1, strong legs 1
a: Hop, Renounce Religion


You were on level 4 of the Dungeon.
You worshipped Okawaru.
Okawaru was noncommittal.
You were hungry.

You visited 2 branches of the dungeon, and saw 5 of its levels.

You collected 189 gold pieces.

Inventory:

Hand Weapons
 a - a +1 hand crossbow
 m - a +0 hand axe (weapon)
Missiles
 g - 39 bolts
Armour
 h - a +2 shield
 i - a +0 pair of gloves (worn)
 o - a +2 helmet of intelligence (worn)
 t - a +0 plate armour
 z - a +0 chain mail (worn)
Jewellery
 e - a +3 ring of intelligence (left hand)
 j - an uncursed ring of ice
Wands
 y - a wand of iceblast (10/15)
Scrolls
 c - a scroll of enchant armour {unknown}
 d - 2 scrolls of recharging {unknown}
 l - a scroll of teleportation
 n - a scroll of enchant weapon
 p - 2 scrolls of immolation {unknown}
 s - 3 scrolls of identify
 u - 4 scrolls of magic mapping {unknown}
 v - 3 scrolls of random uselessness {unknown}
 w - 3 scrolls of remove curse {unknown}
 x - a scroll of fog {unknown}
Potions
 q - a potion of flight
Comestibles
 f - 2 bread rations
 k - 7 fruits
 r - 3 meat rations
 A - a royal jelly


   Skills:
 + Level 4.5 Fighting
 * Level 7.2 Axes
 - Level 4.0 Crossbows
 - Level 3.4 Armour
 - Level 2.1 Dodging
 - Level 0.8 Stealth
 + Level 3.2 Shields
 + Level 0.6 Invocations


You had 7 spell levels left.
You didn't know any spells.

Dungeon Overview and Level Annotations

Branches:
Dungeon (4/15)             Temple (1/1) D:4

Altars:
Ashenzari
Cheibriados
Dithmenos
Gozag
Kikubaaqudgha
Okawaru
Qazlal
Trog
Vehumet
Wu Jian
Xom
Yredelemnul

Annotations:
D:4 Dowan, Duvessa


Innate Abilities, Weirdness & Mutations

Shadows flee at your approach. (+LOS)
You can swim through water.
You cover ground slowly.
You can hop short distances.


Message History

Duvessa is lightly wounded.
You hit the goblin but do no damage.
* * * LOW HITPOINT WARNING * * *
You feel sick. Duvessa hits you but does no damage.
You are more poisoned.
The goblin hits you but does no damage.
You hit Duvessa but do no damage.
Duvessa is lightly wounded.
You hit the goblin.
You kill the goblin!
Okawaru accepts your kill.
* * * LOW HITPOINT WARNING * * *
You feel sick.
Duvessa hits you with a rapier of venom.
* * * LOW HITPOINT WARNING * * *
Unknown command.
You hit Duvessa but do no damage.
Duvessa is lightly wounded.
Your surroundings suddenly seem different.
You die...

..#.....#.###.###.##############.
..#.....#..##.# #................
###.....##)##.# #.##...(..#######
#.....##.##.# #..+........#
#.....##.##.# #.##......#.#
#.....##..#.# #.##...##.###
#########.#.# .##..##...##
###########.#.###.##.##.....##
................@.##.#.......###
..........#.#.###.##....._.....#
.)........#.#.# #####.......#.#
....(.....#.#.# ##.....##.#
............#.# ##...###)##
............#.#### ##.##.....
............#....#### #....####
....................# ######
..........##........#####


There were no monsters in sight!

Vanquished Creatures
  The ghost of Darkdiver the Covered, an amateur DDFi (D:3)
  The ghost of mattiecakes the Skirmisher, an amateur DsFi (D:4)
  Eustachio (D:4)
  A hound (D:4)
  An orc priest (D:4)
  Ijyb (D:3)
  2 worker ants (D:4)
  Robin (D:3)
  3 adders
  2 oozes
  2 worms (D:2)
  2 dart slugs
  2 leopard geckos
  4 orcs
  7 bats
  5 giant cockroaches
  22 goblins
  17 hobgoblins
  9 jackals
  2 ball pythons
  A ball python skeleton (D:4)
  5 frilled lizards
  8 kobolds
  6 rats
106 creatures vanquished.

Notes
Turn   | Place    | Note
-------+----------+-------------------------------------------
     0 | D:1      | Blomdor the Barachi Hunter began the quest for the Orb.
     0 | D:1      | Reached XP level 1. HP: 17/17 MP: 1/1
    13 | D:1      | Reached skill level 1 in Armour
    16 | D:1      | Reached XP level 2. HP: 23/23 MP: 2/2
   248 | D:1      | Reached XP level 3. HP: 26/29 MP: 3/3
   613 | D:2      | Reached skill level 1 in Axes
   676 | D:2      | Reached skill level 2 in Axes
   756 | D:2      | Found a shadowy altar of Dithmenos.
   756 | D:2      | Found an ornate altar of the Wu Jian Council.
   803 | D:2      | Reached XP level 4. HP: 35/35 MP: 4/4
  1056 | D:2      | Found a shattered altar of Ashenzari.
  1378 | D:3      | Found a shimmering altar of Xom.
  1387 | D:3      | Noticed Darkdiver's ghost (amateur DDFi)
  1402 | D:3      | Reached skill level 3 in Axes
  1418 | D:3      | Killed Darkdiver's ghost
  1418 | D:3      | Reached skill level 5 in Axes
  1418 | D:3      | Reached XP level 5. HP: 16/41 MP: 5/5
  1418 | D:3      | Reached XP level 6. HP: 19/47 MP: 6/6
  1627 | D:3      | Noticed Robin
  1630 | D:3      | Reached skill level 1 in Shields
  1639 | D:3      | Reached skill level 6 in Axes
  1655 | D:3      | Killed Robin
  1815 | D:3      | Found a bloodstained altar of Trog.
  2124 | D:3      | Noticed Ijyb
  2156 | D:3      | Killed Ijyb
  2334 | D:3      | Found a stormy altar of Qazlal.
  2337 | D:3      | Found a radiant altar of Vehumet.
  2523 | D:4      | Found a staircase to the Ecumenical Temple.
  2555 | D:4      | Reached XP level 7. HP: 30/53 MP: 7/7
  2722 | D:4      | Noticed mattiecakes's ghost (amateur DsFi)
  2750 | Temple   | Entered the Ecumenical Temple
  2813 | Temple   | Became a worshipper of Warmaster Okawaru
  2864 | D:4      | HP: 2/53 [mattiecakes's ghost (7)]
  2865 | D:4      | Killed mattiecakes's ghost
  3086 | D:4      | Noticed Eustachio
  3144 | D:4      | Killed Eustachio
  3144 | D:4      | Reached skill level 7 in Axes
  3359 | D:4      | Found an opulent altar of Gozag.
  3442 | D:4      | Reached XP level 8. HP: 33/61 MP: 8/8
  3733 | D:4      | Noticed Dowan
  3735 | D:4      | Noticed Duvessa
  3771 | D:4      | HP: 2/61 [Duvessa/rapier of venom (6)]
  3772 | D:4      | Succumbed to Duvessa's poison

Vault maps used:
D:1:      minmay_arrival_diagonal_passages, corexii_item_surrounded_by_moat
D:2:      lemuel_round_altar, gammafunk_temple_overflow_statue, first_bread,
          kennysheep_another_room
D:3:      lemuel_doored_altar, nicolae_overflow_hidden_temple, bloody_trog,
          uniq_ijyb, uniq_robin
D:4:      cheibrodos_greedy_goblins, lemuel_round_altar, temple_statues,
          uniq_eustachio, uniq_duvessa
Temple:   nicolae_temple_figure_eight

Skill      XL: |  1  2  3  4  5  6  7 |
---------------+----------------------+-----
Armour         | 1 2 3 |  3.4
Fighting       | 3 4 |  4.5
Axes           | 2 5 6 7 |  7.2
Shields        | 1 3 |  3.2
Crossbows      | |  4.0
Dodging        | |  2.1
Stealth        | |  0.8
Invocations    | |  0.6

Action                   |  1- 3 |  4- 6 |  7- 9 || total
-------------------------+-------+-------+-------++-------
Melee: Hand axe          |       |   156 |   125 ||   281
 Fire: Hand crossbow     |    71 |    27 |       ||    98
 Abil: Hop               |       |       |     2 ||     2
  Use: Scroll            |     3 |     2 |     1 ||     6
       Potion            |       |     3 |     2 ||     5
  Eat: Chunk             |       |     6 |     4 ||    10
Armor: Leather armour    |     7 |    58 |       ||    65
       Skin              |       |    25 |       ||    25
       Chain mail        |       |    13 |    88 ||   101
Dodge: Dodged            |    17 |    85 |    57 ||   159

Table legend:
 A = Spawn XP
 B = Non-spawn XP
 C = Spawn XP percentage of total XP
 D = Spawn monster count
 E = Non-spawn monster count
 F = Spawn count percentage of total count
 G = Total turns spent on level
                    A         B        C        D         E        F      G
               +---------+---------+-------+---------+---------+-------+---------
         Total |      21 |    1223 |   1.7 |      10 |      96 |   9.4 |  3772
               +---------+---------+-------+---------+---------+-------+---------
           D:1 |       2 |      37 |   5.1 |       2 |      21 |   8.7 |   540
           D:2 |      11 |      53 |  17.2 |       3 |      18 |  14.3 |   775
           D:3 |       4 |     458 |   0.9 |       3 |      34 |   8.1 |  1113
           D:4 |       4 |     675 |   0.6 |       2 |      23 |   8.0 |  1260
               +---------+---------+-------+---------+---------+-------+---------
